 Dungeon Crawl Stone Soup version 0.25-a0-287-g56a5b49892 (webtiles) character file.

Game seed: 17848689468023152052, levelgen mode: deterministic

1417401 hittemvvvvvvvvvvhard the Slayer (level 27, 182/239 HPs)
             Began as a Centaur Wanderer on Dec 11, 2019.
             Was a High Priest of Okawaru.
             Escaped with the Orb
             ... and 3 runes on Dec 12, 2019!
             The game lasted 04:47:41 (120159 turns).

hittemvvvvvvvvvvhard the Slayer (CeWn)            Turns: 120159, Time: 04:47:42

Health: 182/239    AC: 41    Str: 20    XL:     27
Magic:  31/33      EV: 12    Int: 13    God:    Okawaru [*****.]
Gold:   3565       SH: 21    Dex: 23    Spells: 28/29 levels left

rFire    + + .     SeeInvis +   a - +3 sling "Punk" {acid, rCorr}
rCold    + . .     Gourm    .   c - +0 large shield {AC+3} {AC+3}
rNeg     + + +     Faith    .   H - +6 crystal plate armour
rPois    +         Spirit   +   C - -2 hat of the Alchemist {rElec rPois rF+ rC+ rN+ MR+ rMut rCorr}
rElec    +         Reflect  .   Y - +1 cloak
rCorr    +         Harm     .   d - +0 pair of gloves {archery} {Ranged Slay+4}
rMut     +                      b - +0 centaur barding of Racloemi {rN+ Str+3 Dex+7 SInv}
MR       +++++                  z - amulet of Tanis {Spirit rF+ MR++ Dex+2}
Stlth    ..........             u - ring "Kocigiv" {rElec rPois rN+ Str-5 Dex+3}
HPRegen  0.49/turn              g - +5 ring of evasion
MPRegen  0.23/turn

@: very quick
A: large, hooves 3, clumsy 1, deformed body, speed 2, frail 1, low mp 1, tough
skin 3
0: Orb of Zot
}: 3/15 runes: serpentine, barnacled, silver
a: Heroism, Finesse, Renounce Religion


You escaped.
You worshipped Okawaru.
Okawaru was extremely pleased with you.
You were not hungry.

You visited 11 branches of the dungeon, and saw 53 of its levels.

You collected 7717 gold pieces.
You spent 4152 gold pieces at shops.

Inventory:

Hand Weapons
 a - the +3 sling "Punk" (weapon) {acid, rCorr}
   (Okawaru gifted it to you on level 2 of the Elven Halls)

   It provides partial protection from all sources of acid and corrosion.
Missiles
 Q - 324 stones
 S - 250 sling bullets (quivered)
 V - 12 throwing nets {=f}
Armour
 b - the +0 centaur barding of Racloemi (worn) {rN+ Str+3 Dex+7 SInv}
   (Okawaru gifted it to you on level 2 of the Vaults)

   It affects your strength (+3).
   It affects your dexterity (+7).
   It protects you from negative energy.
   It lets you see invisible.
 c - a +0 large shield of protection (worn) {AC+3}
 d - a +0 pair of gloves of archery (worn) {Ranged Slay+4}
 C - the -2 hat of the Alchemist (worn) {rElec rPois rF+ rC+ rN+ MR+ rMut rCorr}
   (You found it on level 5 of the Vaults)

   It protects you from fire.
   It protects you from cold.
   It insulates you from electricity.
   It protects you from poison.
   It protects you from negative energy.
   It affects your resistance to hostile enchantments.
   It provides partial protection from all sources of acid and corrosion.
   It protects you from mutation.
 H - a +6 crystal plate armour (worn)
 Y - a +1 cloak (worn)
Jewellery
 g - a +5 ring of evasion (right hand)
 u - the ring "Kocigiv" (left hand) {rElec rPois rN+ Str-5 Dex+3}
   (You bought it in a shop on level 13 of the Dungeon)

   [ring of dexterity]

   It affects your strength (-5).
   It affects your dexterity (+3).
   It insulates you from electricity.
   It protects you from poison.
   It protects you from negative energy.
 x - the cursed ring of the Many Ghosts {+Fly rF+ Int-2}
   (You found it on level 2 of the Depths)

   [ring of intelligence]

   It affects your intelligence (-2).
   It protects you from fire.
   It lets you fly.
   It has a curse placed upon it.
 z - the amulet of Tanis (around neck) {Spirit rF+ MR++ Dex+2}
   (You bought it in a shop on level 2 of the Orcish Mines)

   [amulet of guardian spirit]

   It causes incoming damage to be split between your health and magic.
   It affects your dexterity (+2).
   It protects you from fire.
   It affects your resistance to hostile enchantments.
 I - the ring "Duzxaodu" {rC+ rN+ Int+4 Dex-3 Stlth+}
   (You found it on level 3 of the Elven Halls)

   [ring of stealth]

   It affects your intelligence (+4).
   It affects your dexterity (-3).
   It protects you from cold.
   It protects you from negative energy.
   It makes you more stealthy.
Wands
 m - a wand of disintegration (23)
 p - a wand of acid (26)
 D - a wand of digging (23)
 E - a wand of iceblast (43)
 F - a wand of paralysis (1)
 G - a wand of scattershot (3)
 Z - a wand of enslavement (10)
Scrolls
 f - 11 scrolls of fog
 i - 15 scrolls of identify
 k - 27 scrolls of remove curse
 t - 13 scrolls of teleportation
 v - a scroll of summoning
 y - 3 scrolls of silence
 B - 13 scrolls of blinking {!r}
 L - 9 scrolls of vulnerability {!r!r}
 X - 8 scrolls of fear
Potions
 h - 7 potions of might
 l - 4 potions of ambrosia
 n - a potion of invisibility
 o - 7 potions of flight
 w - 10 potions of agility
 A - 2 potions of haste
 J - 3 potions of cancellation
 M - 5 potions of resistance
 N - 3 potions of magic
 O - 7 potions of heal wounds
 R - 8 potions of mutation {!q}
 U - 13 potions of curing
Miscellaneous
 j - 2 boxes of beasts
 q - a fan of gales
 s - a lamp of fire
 P - 4 sacks of spiders
 T - a lightning rod (4/4)
 W - 3 phantom mirrors
Comestibles
 e - 59 rations


   Skills:
 + Level 25.5 Fighting
   Level 1.4 Maces & Flails
 - Level 13.9(14.0) Slings
   Level 20.0 Bows
 - Level 2.0(9.5) Throwing
 - Level 19.0 Armour
 - Level 11.0 Dodging
 - Level 1.0 Stealth
 - Level 15.0 Shields
 - Level 1.5 Spellcasting
   Level 1.0 Charms
 - Level 9.0 Invocations
 - Level 20.0 Evocations


You had 28 spell levels left.
You knew the following spells:

 Your Spells              Type           Power        Failure   Level  Hunger
g - Apportation           Tloc           #.....       100%        1    ##.....

Your spell library contained the following spells:

 Spells                   Type           Power        Failure   Level  Hunger
 Animate Skeleton         Necr           N/A          100%        1    ##.....
 Confusing Touch          Hex            #.....       100%        1    ##.....
 Corona                   Hex            #......      100%        1    ##.....
 Foxfire                  Conj/Fire      #...         100%        1    ##.....
 Freeze                   Ice            #...         100%        1    ##.....
 Magic Dart               Conj           #...         100%        1    ##.....
 Pain                     Necr           #...         100%        1    ##.....
 Shock                    Conj/Air       #...         100%        1    ##.....
 Sting                    Tmut/Pois      #...         100%        1    ##.....
 Summon Small Mammal      Summ           #...         100%        1    ##.....
 Blink                    Tloc           N/A          100%        2    ###....
 Call Imp                 Summ           #.......     100%        2    ###....
 Corpse Rot               Necr/Air       N/A          100%        2    ###....
 Ensorcelled Hibernation  Hex/Ice        #.....       100%        2    ###....
 Passwall                 Tmut/Erth      #.......     100%        2    ###....
 Poisonous Vapours        Pois/Air       #.....       100%        2    ###....
 Searing Ray              Conj           #.....       100%        2    ###....
 Slow                     Hex            #.......     100%        2    ###....
 Sublimation of Blood     Necr           #.........   100%        2    ###....
 Swiftness                Chrm/Air       #.......     100%        2    ###....
 Call Canine Familiar     Summ           #.......     100%        3    ####...
 Confuse                  Hex            #.......     100%        3    ####...
 Conjure Flame            Conj/Fire      #.......     100%        3    ####...
 Dazzling Flash           Conj/Hex       #.....       100%        3    ####...
 Gell's Gravitas          Tloc           #.........   100%        3    ####...
 Ignite Poison            Fire/Tmut/Pois #.......     100%        3    ####...
 Inner Flame              Hex/Fire       #.......     100%        3    ####...
 Lesser Beckoning         Tloc           #.........   100%        3    ####...
 Mephitic Cloud           Conj/Pois/Air  #.......     100%        3    ####...
 Ozocubu's Armour         Chrm/Ice       #.......     100%        3    ####...
 Portal Projectile        Hex/Tloc       #.....       100%        3    ####...
 Recall                   Summ/Tloc      N/A          100%        3    ####...
 Regeneration             Chrm/Necr      #.........   100%        3    ####...
 Spectral Weapon          Hex/Chrm       #.......     100%        3    ####...
 Spider Form              Tmut/Pois      #.........   100%        3    ####...
 Static Discharge         Conj/Air       #.......     100%        3    ####...
 Stone Arrow              Conj/Erth      #.....       100%        3    ####...
 Summon Guardian Golem    Hex/Summ       #.......     100%        3    ####...
 Tukima's Dance           Hex            #.......     100%        3    ####...
 Vampiric Draining        Necr           #.........   100%        3    ####...
 Airstrike                Air            #.........   100%        4    #####..
 Animate Dead             Necr           N/A          100%        4    #####..
 Cause Fear               Hex            #.........   100%        4    #####..
 Fulminant Prism          Conj/Hex       #.........   100%        4    #####..
 Ice Form                 Ice/Tmut       #.......     100%        4    #####..
 Iskenderun's Mystic Bla  Conj/Tloc      #.......     100%        4    #####..
 Leda's Liquefaction      Hex/Erth       #.........   100%        4    #####..
 Petrify                  Tmut/Erth      #.......     100%        4    #####..
 Sticky Flame             Conj/Fire      #.......     100%        4    #####..
 Summon Ice Beast         Ice/Summ       #.......     100%        4    #####..
 Summon Lightning Spire   Summ/Air       #.......     100%        4    #####..
 Aura of Abjuration       Summ           #.........   100%        5    ######.
 Bolt of Magma            Conj/Fire/Erth #.........   100%        5    ######.
 Borgnjor's Vile Clutch   Necr/Erth      #.........   100%        5    ######.
 Dispel Undead            Necr           #.......     100%        5    ######.
 Excruciating Wounds      Chrm/Necr      #.........   100%        5    ######.
 Fireball                 Conj/Fire      #.........   100%        5    ######.
 Irradiate                Conj/Tmut      #.........   100%        5    ######.
 Iskenderun's Battlesphe  Conj/Chrm      #.......     100%        5    ######.
 Lee's Rapid Deconstruct  Erth           #.........   100%        5    ######.
 Lightning Bolt           Conj/Air       #.........   100%        5    ######.
 Metabolic Englaciation   Hex/Ice        #.........   100%        5    ######.
 Silence                  Hex/Air        #.........   100%        5    ######.
 Summon Demon             Summ           #.........   100%        5    ######.
 Summon Forest            Summ/Tloc      #.........   100%        5    ######.
 Summon Mana Viper        Hex/Summ       #.......     100%        5    ######.
 Yara's Violent Unravell  Hex/Tmut       #.........   100%        5    ######.
 Conjure Ball Lightning   Conj/Air       #.........   100%        6    #######
 Darkness                 Hex            #.........   100%        6    #######
 Death Channel            Necr           #.........   100%        6    #######
 Deflect Missiles         Chrm/Air       #.........   100%        6    #######
 Dispersal                Tloc           #.........   100%        6    #######
 Eringya's Noxious Bog    Tmut/Pois      #.........   100%        6    #######
 Freezing Cloud           Conj/Ice/Air   #.........   100%        6    #######
 Hydra Form               Tmut           #.........   100%        6    #######
 Invisibility             Hex            #.......     100%        6    #######
 Iron Shot                Conj/Erth      #.........   100%        6    #######
 Ozocubu's Refrigeration  Ice            #.........   100%        6    #######
 Shadow Creatures         Summ           N/A          100%        6    #######
 Simulacrum               Ice/Necr       #.........   100%        6    #######
 Statue Form              Tmut/Erth      #........    100%        6    #######
 Dragon Form              Tmut           #.........   100%        7    #######
 Malign Gateway           Summ/Tloc      #.........   100%        7    #######
 Orb of Destruction       Conj           #.........   100%        7    #######
 Spellforged Servitor     Conj/Summ      #.........   100%        7    #######
 Summon Hydra             Summ           #.........   100%        7    #######
 Controlled Blink         Tloc           N/A          100%        8    #######
 Discord                  Hex            #.........   100%        8    #######
 Disjunction              Tloc           #.........   100%        8    #######
 Ignition                 Fire           #.........   100%        8    #######
 Shatter                  Erth           #.........   100%        9    #######
 Tornado                  Air            #.........   100%        9    #######
 Passage of Golubria      Tloc           Unusable     N/A         4    N/A

Dungeon Overview and Level Annotations

Branches:
Dungeon (15/15)            Temple (1/1) D:7            Lair (6/6) D:10
 Shoals (4/4) Lair:4        Snake (4/4) Lair:2        Slime (0/5) Lair:5
    Orc (2/2) D:9             Elf (3/3) Orc:2        Vaults (5/5) D:14
  Crypt (3/3) Vaults:3       Tomb (0/3) Crypt:3      Depths (5/5) D:15
    Zot (5/5) Depths:5

Altars:
Ashenzari
Cheibriados
Dithmenos
Elyvilon
Fedhas
Gozag
Hepliaklqana
Kikubaaqudgha
Makhleb
Nemelex Xobeh
Okawaru
Qazlal
Ru
Sif Muna
Trog
Uskayaw
Vehumet
Wu Jian
Xom
Yredelemnul
Zin
The Shining One
Lugonu

Shops:
D:9 (   D:10 ?   D:11 }   D:13 =?   D:14 (   Orc:2 ([*=   Shoals:2 [
Shoals:3 *   Vaults:3 *   Vaults:4 (   Depths:1 *   Depths:3 (

Portals:
Hell: Depths:1 Depths:2 Depths:3 Depths:4 Depths:5
Abyss: Depths:4 Depths:5
Pandemonium: Depths:3
Ziggurat: Depths:3
Trove: D:15 (give +5 ice dragon scales)

Annotations:
Elf:3 800 arrows
Depths:2 1 runed translucent door, Thantalas's ghost, veteran GrEE
Depths:3 16 exclusions
Zot:1 exclusion: downstairs
Zot:3 1 transporter, Wegu's ghost, master VSFi


Innate Abilities, Weirdness & Mutations

You have hooves in place of feet.
Armour fits poorly on your strangely shaped body.
You cover ground very quickly.
You have extremely tough skin. (AC +3)
You are clumsy. (Dex -2)
You are frail. (-10% HP)
Your magical capacity is low. (-10% MP)


Message History

There is an open door here.
You see here a +0 club.
There is a staircase leading out of the dungeon here.
You regained 24 hp, and now have 179/239 hp.
You regained 11 mp, and now have 30/33 mp.
There is a staircase leading out of the dungeon here.
Unknown command.
Unknown command.
Unknown command.
Okay, then.
Unknown command.
This spell is impossible to cast!
Memorise Apportation, consuming 1 spell level and leaving 28?
You start memorising the spell.
You continue memorising.
You finish memorising.
Spell assigned to 'g'.
Okay, then.
Unknown command.
Unknown command.
Unknown command.
You have escaped!

....# ###### #.# ###.## #.#
#..#######################.#
##.##...................##.#
#..##.................##..#
#...##..8..##'##..8..##...#
#....##...##...##...##....#
#.....#####.....#####.....#
#............@............#
##.......................##
############'################
######...#
#....................
#........#
#.###################
#.####.#####.# #.# #.......#
#.# ######### #.#


There were no monsters in sight!

Levels and vault maps discovered:
D:1:      giann_horns, layout_basic
D:2:      layout_basic, lemuel_round_altar, uniq_jessica
D:3:      layout_basic, nicolae_overflow_crystal_walls, first_ration,
          interstate_on_off
D:4:      layout_loops_corners
D:5:      layout_gridville, minitemple, basic_altar, minivault_24
D:6:      layout_gridville, hex_tiny, uniq_edmund, uniq_blork_the_orc
D:7:      layout_loops_ring, minmay_temple_entry_trees
D:8:      layout_rooms
D:9:      layout_loops_ring, nicolae_overflow_hidden_temple, zombieorc2_lemuel,
          serial_shops, nicolae_shop_window_shopping
D:10:     layout_basic, lair_entry_dummy, serial_shops, shop_scrolls,
          special_room [special_room_orc]
D:11:     layout_loops_ring, serial_shops, shop, uniq_fannar, uniq_sonja,
          uniq_urug, uniq_snorg
D:12:     hangedman_screamer, layout_grid_maze, serial_shops,
          nicolae_shop_overgrown_old_shop, uniq_jorgrun
D:13:     layout_rooms, serial_shops, nicolae_shop_trees,
          nicolae_shop_statue_plus, uniq_kirke
D:14:     layout_big_octagon, david_vaults_3, tgw_sif, serial_shops,
          nicolae_shop_overgrown_old_shop
D:15:     grunt_enter_depths_snipers, layout_stronghold, zin_angel,
          nicolae_trove_entry_free_sample, kennysheep_flooded_box
Temple:   nicolae_temple_elliptical
Lair:1:   layout_regular_city, serial_bayou_shore_a, uniq_gastronok
Lair:2:   layout_cave_pods, dummy_snake_entry, special_room [special_room_bee],
          gauntlet_entry_generic, gammafunk_ghost_arena, st_stairs_13,
          minmay_lair_oklob_chamber
Lair:3:   layout_gridlike
Lair:4:   layout_regular_city, elwin_shoals_entry_stream,
          nicolae_lair_yak_garden
Lair:5:   layout_hall_layers, slime_dummy, uniq_rupert
Lair:6:   cheibrodos_lair_end_hotspot, layout_layer_cave
Shoals:1: cheibrodos_shoals_gigantism, layout_shoals, dpeg_stationary_puzzle
Shoals:2: layout_shoals, serial_shops, nicolae_shop_waterfront
Shoals:3: layout_shoals, serial_shops, nicolae_shop_stone, uniq_aizul,
          uniq_polyphemus
Shoals:4: shoals_end_grunt_ice, layout_shoals, lemuel_oklob_altar
Snake:1:  layout_rooms, grunt_megastairs_3, uniq_frances
Snake:2:  layout_chambers, grunt_megastairs_2
Snake:3:  layout_layer_cave
Snake:4:  johnstein_snake_rune_scales, layout_grid_maze
Orc:1:    layout_caves, portal_ice_cave_rime
Orc:2:    st_orc_congregation, layout_diamond_mine, elves_outpost_lemuel,
          uniq_saint_roka
Elf:1:    elf_arrival_001, layout_loops_ring, basic_altar,
          hangedman_corner_corridor, evilmike_ambush
          [evilmike_ambush_outer_basic, evilmike_ambush_inner_basic], uniq_agnes
Elf:2:    layout_rooms, uniq_donald
Elf:3:    minmay_elf_hall_hex, layout_geoelf_castle
Vaults:1: grunt_vaults_funnel, nicolae_vaults_ring_of_whatevers,
          nicolae_vaults_octagons, nicolae_vaults_little_squares_6, v_misc_22,
          v_rooms_4, vaults_room_semicircle, layout_vaults_omnicross
Vaults:2: ontoclasm_vaults_twist, vaults_room_grid, hangedman_vaults_slice,
          v_rooms_1, nicolae_vaults_shelves_hall, hangedman_vaults_cutoff,
          ontoclasm_vaults_pinch, nicolae_vaults_little_squares_2,
          nicolae_vaults_little_ls, v_pattern_3, grunt_vaults_twisty,
          grunt_vaults_hallway_short, layout_vaults_omnigrid
Vaults:3: minmay_crypt_entry_simple_round, v_rooms_2, hangedman_vaults_trim,
          v_rooms_5, nicolae_vaults_little_squares_1, v_misc_13,
          ontoclasm_vaults_ring_small, nicolae_vaults_alarming,
          nicolae_vaults_puzzle_piece, hangedman_vaults_slither,
          vaults_room_pools, nicolae_vaults_halls_meeting,
          nicolae_vaults_big_angled_halls, vaults_room_semicircle,
          layout_vaults_omnibox, serial_shops, shop, basic_altar
Vaults:4: nicolae_vaults_quadrants, v_alt_pattern_3,
          nicolae_vaults_little_squares_5, nicolae_vaults_border_crossing,
          nicolae_vaults_rhombus_7, v_misc_15, v_pattern_4,
          hangedman_vaults_corner_blocks, v_misc_4, vaults_room_pool,
          ontoclasm_vaults_eye, layout_vaults_big_room, serial_shops,
          nicolae_shop_temple_entry_statues_fountains
Vaults:5
Crypt:1:  evilmike_wizard_prison, layout_chaotic_city, gammafunk_ghost_cemetery,
          grunt_crypt_arrival_webbed, uniq_bai_suzhen
Crypt:2:  layout_rooms
Crypt:3:  quadcrypt_mu, uniq_khufu
Depths:1: layout_long_grid, minmay_misc_feat_hallway, hellmouth_1,
          nicolae_evil_shop, hangedman_decor_cross_pass
Depths:2: minmay_the_grid_triangle_9x9_recursive_2
          [minmay_the_grid_triangle_9x9_prize_center,
          minmay_the_grid_triangle_9x9_corrupted_corridor,
          minmay_the_grid_triangle_9x9_sprig,
          minmay_the_grid_triangle_9x9_corruption], layout_basic, hell_entry,
          ebering_ghost_reflecting_pool, serial_bayou_pond_b
Depths:3: four-leaf_vault, layout_cave_shapes, enter_ziggurat_d, pan_entry,
          kennysheep_nondescript, pf_vacation_house_of_asmodeus, serial_shops,
          shop, kennysheep_big_empty_room
Depths:4: hangedman_six_sided_sadism, layout_gridville, hell_entry,
          nrook_mini_vaults, abyss_entry_small_statue_room
Depths:5: grunt_x_marks_the_spot, layout_gridlike, grunt_hell_entry_dis_old,
          abyss_entry_flame_altar
Zot:1:    layout_gridlike, st_stairs_7, hangedman_zot_spectrum
Zot:2:    layout_misc_corridors
Zot:3:    lemuel_firehouse, layout_onion_interference,
          gammafunk_ghost_wrathful_warriors, st_stairs_10
Zot:4:    kennysheep_six_static_rooms, layout_basic
Zot:5:    layout_onion, st_stairs_1, nicolae_zot_crop_circle

Notes
Turn   | Place    | Note
-------+----------+-------------------------------------------
     0 | D:1      | hittemvvvvvvvvvvhard the Centaur Wanderer began the quest
                  | for the Orb.
     0 | D:1      | hittemvvvvvvvvvvhard set off with the following items: a +0
                  | club, 2 potions of lignification {!q}, a +2 leather armour,
                  | a ration
     0 | D:1      | Reached XP level 1. HP: 19/19 MP: 3/3
   266 | D:1      | Reached skill level 1 in Maces & Flails
   266 | D:1      | Reached XP level 2. HP: 24/26 MP: 4/4
   494 | D:1      | hittemvvvvvvvvvvhard: !won nee current
   494 | D:1      | beem: nee (current) has won 19 times in 43 games (44.19%):
                  | 1xCeBe 1xCeIE 1xDDBe 1xDEFE 1xDsBe 1xDsHu 1xGhWn 1xGnWn
                  | 1xGrSk 1xHuAs 1xMiAK 1xMiAM 1xMiCK 1xMiEn 1xMiIE 1xTrAE
                  | 1xTrFE 1xTrSu 1xTrTm
  1577 | D:2      | Reached XP level 3. HP: 18/31 MP: 5/5
  1886 | D:2      | Reached skill level 2 in Throwing
  2155 | D:2      | Reached skill level 1 in Slings
  2607 | D:2      | Reached XP level 4. HP: 34/40 MP: 6/6
  2814 | D:2      | Reached skill level 4 in Fighting
  2861 | D:2      | Found an ornate altar of the Wu Jian Council.
  3024 | D:2      | Reached skill level 2 in Slings
  3094 | D:2      | Noticed Jessica
  3098 | D:2      | Killed Jessica
  3690 | D:3      | Reached XP level 5. HP: 35/46 MP: 7/7
  3883 | D:3      | Reached skill level 3 in Slings
  4043 | D:3      | Found a glowing silver altar of Zin.
  5264 | D:4      | Reached skill level 4 in Slings
  5420 | D:3      | HP: 11/47 [poisoned by an orc wizard]
  5726 | D:4      | Reached XP level 6. HP: 47/53 MP: 8/8
  6566 | D:4      | Reached skill level 5 in Fighting
  7133 | D:5      | Entered Level 5 of the Dungeon
  7161 | D:5      | Noticed a sky beast
  7187 | D:5      | Killed a sky beast
  7187 | D:5      | Reached skill level 5 in Slings
  7187 | D:5      | Reached skill level 1 in Shields
  7338 | D:5      | Reached XP level 7. HP: 50/61 MP: 9/9
  8002 | D:5      | Found a white marble altar of Elyvilon.
  8005 | D:5      | Found a shadowy altar of Dithmenos.
  8046 | D:5      | Reached skill level 2 in Shields
  8174 | D:5      | Found a bloodstained altar of Trog.
  8393 | D:5      | Reached skill level 6 in Fighting
  8393 | D:5      | Reached skill level 6 in Slings
  8503 | D:5      | Found a white marble altar of Elyvilon.
  8719 | D:6      | Reached XP level 8. HP: 70/70 MP: 10/10
  8859 | D:5      | Reached skill level 3 in Shields
  9133 | D:6      | Noticed Blork the orc
  9145 | D:6      | Killed Blork the orc
  9245 | D:6      | Noticed Edmund
  9392 | D:6      | Reached skill level 7 in Slings
  9632 | D:6      | Reached skill level 7 in Fighting
 10060 | D:5      | Killed Edmund
 10060 | D:5      | Reached skill level 4 in Shields
 10309 | D:6      | Reached skill level 8 in Slings
 10387 | D:6      | Reached XP level 9. HP: 74/79 MP: 11/11
 11548 | D:7      | Reached skill level 5 in Shields
 11565 | D:7      | Reached skill level 9 in Slings
 11842 | D:7      | Paralysed by a wight for 4 turns
 11855 | D:7      | Paralysed by a wight for 2 turns
 12530 | D:7      | Reached skill level 10 in Slings
 12700 | D:7      | Found a staircase to the Ecumenical Temple.
 12712 | Temple   | Entered the Ecumenical Temple
 12836 | Temple   | Became a worshipper of Warmaster Okawaru
 13381 | D:8      | Reached skill level 1 in Armour
 13815 | D:8      | Reached skill level 2 in Dodging
 13894 | D:8      | Reached * piety under Okawaru
 14035 | D:8      | Reached XP level 10. HP: 86/86 MP: 12/12
 14086 | D:8      | Reached skill level 1 in Invocations
 14657 | D:9      | Found a staircase to the Orcish Mines.
 14732 | D:9      | Reached skill level 2 in Invocations
 14832 | D:9      | Reached skill level 2 in Armour
 14998 | D:9      | Reached skill level 3 in Invocations
 15413 | D:9      | Found Fualul's Weapon Shoppe.
 15866 | D:9      | Reached skill level 8 in Fighting
 15879 | D:9      | Reached ** piety under Okawaru
 16027 | D:9      | Reached skill level 3 in Dodging
 16181 | D:9      | Reached skill level 3 in Armour
 16397 | D:9      | Reached skill level 11 in Slings
 16646 | D:9      | Found a hide-covered altar of Uskayaw.
 16671 | D:10     | Entered Level 10 of the Dungeon
 16701 | D:10     | Killed an unseen horror
 17074 | D:10     | Killed an unseen horror
 17667 | D:10     | Found a staircase to the Lair.
 17688 | D:10     | Reached *** piety under Okawaru
 17688 | D:10     | Reached XP level 11. HP: 58/95 MP: 13/13
 17718 | D:10     | Reached skill level 9 in Fighting
 17718 | D:10     | Reached skill level 4 in Armour
 18294 | D:10     | Found Sifau's Magic Scroll Shoppe.
 18305 | D:10     | Bought 3 scrolls of teleportation for 117 gold pieces
 18305 | D:10     | Bought a scroll of fear for 45 gold pieces
 19230 | Lair:1   | Entered Level 1 of the Lair of Beasts
 19405 | Lair:1   | HP: 23/99 [poisoned by a spiny frog]
 19715 | Lair:1   | Reached skill level 10 in Fighting
 19971 | Lair:1   | Reached skill level 1 in Bows
 20263 | Lair:1   | Reached skill level 2 in Bows
 20469 | Lair:1   | Received a gift from Okawaru
 20567 | Lair:1   | Reached skill level 3 in Bows
 20620 | Lair:1   | HP: 22/99 [yak (15)]
 20625 | Lair:1   | Reached skill level 2 in Evocations
 21167 | Lair:1   | Reached skill level 4 in Bows
 21279 | Lair:1   | hittemvvvvvvvvvvhard: @?centaur
 21279 | Lair:1   | beem: centaur (c)
                  | Spd:
    15 | HD: 4    | HP: 19-26
                  | AC/EV:
                  | 3/6
                  | Dam: 10
                  | weapons, items, doors, archer
                  | Res:
                  | magic(20)
                  | XP:
   112 | Sz: Large | Int: human.
 21279 | Lair:1   | hittemvvvvvvvvvvhard: @?spiny frog
 21279 | Lair:1   | beem: spiny frog (F)
                  | Spd: 12 (swim: 60%)
                  | HD:
     7 | HP:      | 30-45
                  | AC/EV: 6/9
                  | Dam: 26(poison:14-28)
                  | amphibious,
                  | cold-blooded
                  | Res: magic(20), poison, drown
                  | Chunks:
                  | noxious
                  | XP:
   408 | Sz: Medium | Int: animal.
 21394 | Lair:1   | Received a gift from Okawaru
 22006 | Lair:1   | Noticed Gastronok
 22986 | Lair:2   | Noticed an oklob plant
 23101 | Lair:2   | Reached skill level 5 in Bows
 24083 | Lair:1   | Reached skill level 3 in Evocations
 24343 | Lair:2   | Reached skill level 6 in Bows
 24365 | Lair:2   | Reached **** piety under Okawaru
 24948 | Lair:2   | Reached skill level 7 in Bows
 25582 | Lair:2   | Found a staircase to the Snake Pit.
 25590 | Lair:2   | Identified a scroll of acquirement
 25623 | Lair:2   | Found a transporter.
 25623 | Lair:2   | Noticed Ilyunwota's ghost (journeyman GnSk)
 25623 | Lair:2   | Noticed a six-headed hydra
 25623 | Lair:2   | Noticed a five-headed hydra
 25806 | Lair:2   | Found a transporter.
 25924 | Lair:2   | Noticed an oklob plant
 26062 | Lair:2   | Reached XP level 12. HP: 108/108 MP: 14/14
 26577 | Lair:2   | Received a gift from Okawaru
 26613 | Lair:2   | Reached skill level 4 in Evocations
 26639 | Lair:2   | Reached skill level 8 in Bows
 26812 | Lair:2   | Noticed a seven-headed hydra
 26885 | Lair:2   | Killed a seven-headed hydra
 27187 | Lair:3   | Noticed a death yak
 27334 | Lair:2   | Killed a death yak
 27334 | Lair:2   | Reached skill level 11 in Fighting
 27653 | Lair:3   | Noticed a death yak
 27653 | Lair:3   | Noticed a death yak
 27701 | Lair:2   | Killed a death yak
 27701 | Lair:2   | Reached skill level 9 in Bows
 28257 | Lair:2   | Killed a death yak
 28705 | Lair:3   | Received a gift from Okawaru
 28966 | Lair:3   | Reached ***** piety under Okawaru
 29152 | Lair:3   | Reached skill level 5 in Evocations
 29556 | Lair:4   | Reached skill level 10 in Bows
 29566 | Lair:4   | Received a gift from Okawaru
 29871 | Lair:4   | Reached skill level 4 in Invocations
 29981 | Lair:4   | Found a staircase to the Shoals.
 30918 | Lair:4   | Noticed a catoblepas
 30922 | Lair:4   | Noticed a death yak
 30979 | Lair:3   | Killed a death yak
 30979 | Lair:3   | Received a gift from Okawaru
 30979 | Lair:3   | Reached skill level 11 in Bows
 30979 | Lair:3   | Reached skill level 5 in Invocations
 31437 | Lair:3   | Killed a catoblepas
 32076 | Lair:4   | Reached XP level 13. HP: 71/116 MP: 17/17
 32249 | Lair:4   | Reached skill level 6 in Invocations
 33462 | Lair:5   | Noticed Rupert
 33462 | Lair:5   | Paralysed by Rupert for 2 turns
 33553 | D:11     | Noticed Fannar
 33557 | D:11     | Killed Fannar
 33557 | D:11     | Reached skill level 6 in Evocations
 33565 | D:11     | Noticed Urug
 33571 | D:11     | Killed Urug
 33685 | D:11     | Noticed Snorg
 33713 | D:11     | HP: 27/117 [Snorg (21)]
 33715 | D:10     | HP: 13/117 [Snorg (14)]
 33718 | D:10     | HP: 3/117 [Snorg (4)]
 33735 | D:10     | Killed Snorg
 34152 | D:11     | Reached skill level 12 in Bows
 34350 | D:11     | Received a gift from Okawaru
 34350 | D:11     | Reached skill level 7 in Invocations
 34565 | D:11     | Found Raxong's Gadget Emporium.
 34574 | D:11     | Bought a wand of iceblast (8) for 132 gold pieces
 34654 | D:11     | Noticed Sonja
 34656 | D:11     | Killed Sonja
 35211 | D:12     | Noticed Josephine
 35298 | D:13     | Found Nischiupn's Jewellery Shoppe.
 35312 | D:13     | hittemvvvvvvvvvvhard: !log . won
 35312 | D:13     | beem: 3. hittemvvvvvvvvvvhard, XL25 TrFE, T:60967:
                  | https://crawl.xtahua.com/crawl/morgue/hittemvvvvvvvvvvhard/
                  | morgue-hittemvvvvvvvvvvhard-20191210-081640.txt
 35313 | D:13     | Found Rutuu's Magic Scroll Shop.
 35322 | D:13     | Received a gift from Okawaru
 35335 | D:13     | Noticed Kirke
 35459 | D:12     | Noticed Jorgrun
 35486 | D:12     | Killed Jorgrun
 35486 | D:12     | Reached skill level 12 in Fighting
 35724 | D:12     | Reached skill level 8 in Invocations
 36093 | D:12     | Reached skill level 13 in Bows
 36704 | D:12     | Killed Josephine
 36704 | D:12     | Received a gift from Okawaru
 36709 | D:12     | Reached skill level 9 in Invocations
 36713 | D:12     | Got a fine longbow {god gift}
 36714 | D:12     | Identified the +7 longbow of Exoneration {velocity, Int+5}
                  | (Okawaru gifted it to you on level 12 of the Dungeon)
 36997 | D:12     | Found Tacku's Antique Armour Shoppe.
 37483 | Orc:1    | Entered Level 1 of the Orcish Mines
 37484 | Orc:1    | Paralysed by an orc sorcerer for 4 turns
 37630 | D:12     | Reached skill level 5 in Armour
 37798 | D:13     | Reached skill level 14 in Bows
 38203 | D:13     | Killed Kirke
 38203 | D:13     | Reached XP level 14. HP: 126/126 MP: 20/20
 38468 | D:13     | Bought an uncursed amulet of guardian spirit for 420 gold
                  | pieces
 38763 | D:14     | Received a gift from Okawaru
 38851 | D:14     | Found Jituc's Antique Weapon Boutique.
 38953 | D:14     | Reached skill level 15 in Bows
 38973 | D:14     | Received a gift from Okawaru
 39370 | D:14     | Found a shimmering blue altar of Sif Muna.
 39711 | D:14     | Reached skill level 6 in Armour
 39720 | D:14     | Received a gift from Okawaru
 39790 | D:14     | Received a gift from Okawaru
 40088 | D:14     | Found a gate to the Vaults.
 40323 | D:14     | Reached skill level 16 in Bows
 40436 | D:15     | Entered Level 15 of the Dungeon
 40505 | D:14     | Received a gift from Okawaru
 40781 | D:15     | Got a slimy chain mail
 40846 | D:15     | Reached ****** piety under Okawaru
 40870 | D:15     | Found a portal to a secret trove of treasure.
 40889 | D:15     | Received a gift from Okawaru
 40893 | D:15     | Got a smoking centaur barding {god gift}
 41454 | D:15     | Found a staircase to the Depths.
 41460 | D:15     | Reached skill level 17 in Bows
 41663 | D:15     | Found a glowing silver altar of Zin.
 41663 | D:15     | Noticed an angel
 41693 | D:15     | Reached skill level 7 in Armour
 41995 | D:15     | Found a stormy altar of Qazlal.
 42263 | D:15     | Identified the cursed +1 chain mail "Qaeseg" {rC+} (You
                  | found it on level 15 of the Dungeon)
 42284 | D:15     | Identified the +3 centaur barding "Ileeqe" {Str+5} (Okawaru
                  | gifted it to you on level 15 of the Dungeon)
 42465 | Snake:1  | Entered Level 1 of the Snake Pit
 42808 | Lair:2   | HP: 31/126 [poisoned by a naga warrior (splash of poison)]
 42814 | Lair:2   | HP: 30/126 [poisoned by a naga warrior (splash of poison)]
 42822 | Lair:2   | HP: 31/126 [poisoned by a naga warrior (splash of poison)]
 42830 | Lair:2   | HP: 31/126 [poisoned by a naga warrior (splash of poison)]
 43400 | Snake:1  | Reached XP level 15. HP: 90/132 MP: 16/21
 43877 | Snake:1  | Reached skill level 18 in Bows
 44221 | Snake:1  | Got a blackened battleaxe
 44323 | Snake:1  | Received a gift from Okawaru
 44342 | Snake:1  | HP: 33/132 [poisoned by a naga mage (poison arrow)]
 44347 | Snake:1  | HP: 28/132 [poisoned by a naga mage (poison arrow)]
 44352 | Snake:1  | HP: 23/132 [poisoned by a naga mage (poison arrow)]
 44358 | Snake:1  | HP: 21/132 [poisoned by a naga mage (poison arrow)]
 44364 | Snake:1  | HP: 20/132 [poisoned by a naga mage (poison arrow)]
 44370 | Snake:1  | HP: 20/132 [poisoned by a naga mage (poison arrow)]
 44375 | Snake:1  | HP: 20/132 [poisoned by a naga mage (poison arrow)]
 44383 | Snake:1  | HP: 21/132 [poisoned by a naga mage (poison arrow)]
 44705 | Snake:1  | Received a gift from Okawaru
 44729 | Snake:1  | Reached skill level 8 in Armour
 44993 | Snake:1  | Received a gift from Okawaru
 45005 | Snake:1  | Reached skill level 19 in Bows
 45157 | Snake:1  | Noticed Frances
 45188 | Snake:1  | Killed Frances
 45218 | Snake:1  | Received a gift from Okawaru
 45871 | Snake:1  | Got a brightly glowing centaur barding
 45882 | Snake:1  | Identified the -8 centaur barding "Hyfehoen" {rN++ Int+3}
                  | (You acquired it on level 1 of the Snake Pit)
 46095 | Snake:2  | Reached skill level 20 in Bows
 46379 | Snake:2  | Noticed a nagaraja
 46384 | Snake:2  | Killed a nagaraja
 46384 | Snake:2  | Received a gift from Okawaru
 47063 | Snake:2  | Received a gift from Okawaru
 47284 | Snake:2  | Noticed a nagaraja
 47291 | Snake:2  | Killed a nagaraja
 47607 | Snake:2  | Reached skill level 4 in Dodging
 47607 | Snake:2  | Reached XP level 16. HP: 99/141 MP: 18/22
 47937 | Snake:2  | Reached skill level 7 in Evocations
 49267 | Snake:3  | Identified the Collected Works on Flight and Changing
 49530 | Snake:3  | Reached skill level 9 in Armour
 50039 | D:13     | Bought the ring "Kocigiv" {rElec rPois rN+ Str-5 Dex+3} for
                  | 386 gold pieces
 50504 | Snake:3  | Reached skill level 13 in Fighting
 50621 | Snake:3  | Reached skill level 8 in Evocations
 50650 | Snake:3  | Received a gift from Okawaru
 51585 | Snake:4  | Entered Level 4 of the Snake Pit
 52824 | Snake:4  | Reached skill level 9 in Evocations
 53259 | Snake:4  | Received a gift from Okawaru
 53817 | Snake:4  | Reached skill level 10 in Armour
 53864 | Snake:4  | Reached XP level 17. HP: 151/151 MP: 24/24
 53982 | Snake:4  | Reached skill level 14 in Fighting
 54149 | Snake:4  | Received a gift from Okawaru
 54196 | Snake:4  | Reached skill level 10 in Evocations
 54896 | Snake:4  | Got a faintly glowing longbow {god gift}
 55070 | Snake:4  | Received a gift from Okawaru
 55186 | Snake:4  | Got a serpentine rune of Zot
 56266 | Orc:2    | Entered Level 2 of the Orcish Mines
 56553 | Orc:2    | Reached skill level 11 in Armour
 56561 | Orc:2    | Noticed Saint Roka
 57109 | Lair:1   | Identified the +4 longbow of Wufroqe {flame, rF++ rC+ Str-3
                  | Int+4} (Okawaru gifted it to you on level 4 of the Snake
                  | Pit)
 57113 | Lair:1   | Identified the +4 battleaxe of the Bouncing Wars {venom,
                  | *Rage Str+6 Int-2 SInv} (You found it on level 1 of the
                  | Snake Pit)
 57350 | Lair:1   | Killed Gastronok
 57350 | Lair:1   | Received a gift from Okawaru
 57350 | Lair:1   | Reached skill level 15 in Fighting
 57921 | Lair:2   | Killed Ilyunwota's ghost
 57965 | Lair:2   | Got a pitted leather armour
 57968 | Lair:2   | Identified the +2 leather armour of Negligence {rF+ Int+3}
                  | (You found it on level 2 of the Lair of Beasts)
 58255 | Lair:2   | Received a gift from Okawaru
 58350 | Lair:5   | Killed Rupert
 58923 | Lair:5   | Found a staircase to the Slime Pits.
 59171 | Lair:6   | Entered Level 6 of the Lair of Beasts
 59580 | Lair:6   | Found a large runed translucent door.
 59663 | Lair:6   | Found a large runed translucent door.
 59952 | Lair:6   | Reached skill level 12 in Armour
 61048 | Orc:2    | Reached XP level 18. HP: 157/163 MP: 25/25
 61182 | Orc:2    | Received a gift from Okawaru
 61329 | Orc:2    | Killed Saint Roka
 61653 | Orc:2    | Reached skill level 5 in Dodging
 61919 | Orc:2    | Found Fosieh's General Store.
 61930 | Orc:2    | Found Wocam's Jewellery Emporium.
 61931 | Orc:2    | Found Meuv's Antique Armour Emporium.
 61931 | Orc:2    | Found Ylullal's Antique Weapon Shoppe.
 61946 | Orc:2    | Bought the amulet of Tanis {Spirit rF+ MR++ Dex+2} for 679
                  | gold pieces
 62239 | Orc:2    | Found a staircase to the Elven Halls.
 62606 | Elf:1    | Entered Level 1 of the Elven Halls
 63556 | Elf:1    | Reached skill level 11 in Evocations
 63731 | Elf:1    | Noticed Agnes
 63742 | Elf:1    | Killed Agnes
 63877 | Elf:1    | Found a shimmering blue altar of Sif Muna.
 63884 | Elf:1    | Received a gift from Okawaru
 64066 | Elf:1    | Reached skill level 6 in Dodging
 64800 | Elf:2    | Reached skill level 16 in Fighting
 64803 | Elf:2    | Noticed a deep elf demonologist
 64806 | Elf:2    | Noticed a Tzitzimitl
 64814 | Elf:1    | Killed a deep elf demonologist
 65104 | Elf:2    | Found a runed translucent gate.
 65104 | Elf:2    | Found a runed translucent gate.
 65105 | Elf:2    | Found a runed translucent gate.
 65201 | Elf:2    | Received a gift from Okawaru
 65202 | Elf:2    | Found the +3 sling "Punk" {acid, rCorr}
 65424 | Elf:2    | Reached skill level 12 in Slings
 66999 | Elf:2    | Reached skill level 7 in Dodging
 66999 | Elf:2    | Reached XP level 19. HP: 140/172 MP: 27/27
 67447 | Elf:2    | Received a gift from Okawaru
 67715 | Elf:2    | Noticed Donald
 67735 | Elf:2    | Killed Donald
 67947 | Elf:2    | Upgraded the game from 0.25-a0-285-gcba6f664f8 to
                  | 0.25-a0-287-g56a5b49892
 67991 | Elf:3    | Entered Level 3 of the Elven Halls
 68400 | Elf:2    | Reached skill level 12 in Evocations
 70258 | Elf:3    | Noticed a deep elf sorcerer
 70279 | Elf:3    | Killed a deep elf sorcerer
 70279 | Elf:3    | Received a gift from Okawaru
 70279 | Elf:3    | Reached skill level 6 in Shields
 70414 | Elf:3    | Noticed a deep elf demonologist
 70434 | Elf:3    | Killed a deep elf demonologist
 70464 | Elf:3    | Noticed a deep elf demonologist
 70472 | Elf:3    | Killed a deep elf demonologist
 70482 | Elf:3    | Noticed a deep elf demonologist
 70486 | Elf:3    | Killed a deep elf demonologist
 70561 | Elf:3    | Received a gift from Okawaru
 70736 | Elf:3    | Noticed a deep elf demonologist
 70866 | Elf:3    | Killed a deep elf demonologist
 70871 | Elf:3    | Received a gift from Okawaru
 71340 | Elf:3    | Noticed a deep elf demonologist
 71343 | Elf:3    | Noticed a deep elf sorcerer
 71354 | Elf:3    | Killed a deep elf sorcerer
 71357 | Elf:3    | Killed a deep elf demonologist
 71357 | Elf:3    | Reached skill level 13 in Slings
 71466 | Elf:3    | Reached skill level 8 in Dodging
 71566 | Elf:3    | Noticed a deep elf sorcerer
 71582 | Elf:3    | Noticed a deep elf sorcerer
 71584 | Elf:3    | Killed a deep elf sorcerer
 71604 | Elf:3    | Killed a deep elf sorcerer
 71802 | Elf:3    | Noticed a deep elf demonologist
 71821 | Elf:3    | Killed a deep elf demonologist
 71844 | Elf:3    | Received a gift from Okawaru
 72074 | Elf:3    | Reached skill level 17 in Fighting
 72264 | Elf:3    | Noticed a deep elf sorcerer
 72272 | Elf:3    | Killed a deep elf sorcerer
 72422 | Elf:3    | Identified the +7 scale mail of Annevviu {rPois Dex+3} (You
                  | found it on level 3 of the Elven Halls)
 72438 | Elf:3    | Identified the ring "Duzxaodu" {rC+ rN+ Int+4 Dex-3 Stlth+}
                  | (You found it on level 3 of the Elven Halls)
 72445 | Elf:3    | Identified the quicksilver dragon scales "Ziasew" {MR+
                  | Int+7 Dex+2 Stlth-} (You found it on level 3 of the Elven
                  | Halls)
 72496 | Elf:3    | Identified Zoofoxoc's Handbook of Ensnaring Black Rituals
 72532 | Elf:3    | Identified the Tome of Malediction
 72537 | Elf:3    | Identified the ring "Xaz Saaq" {Int+2 Stlth-}
 72537 | Elf:3    | Noticed a deep elf demonologist
 72548 | Elf:3    | Killed a deep elf demonologist
 72599 | Elf:3    | Reached skill level 7 in Shields
 72847 | Vaults:1 | Entered Level 1 of the Vaults
 72877 | Vaults:1 | Reached XP level 20. HP: 180/184 MP: 29/29
 72949 | Vaults:1 | Received a gift from Okawaru
 73169 | Vaults:1 | Got a steaming hand crossbow {god gift}
 73171 | Vaults:1 | Identified the +3 hand crossbow "Ziwerchyxt" {venom, MP+9
                  | Str+7 Int+2 Dex-3} (Okawaru gifted it to you on level 1 of
                  | the Vaults)
 73309 | Vaults:1 | Reached skill level 13 in Evocations
 74398 | Vaults:1 | Received a gift from Okawaru
 75167 | Vaults:2 | Noticed a lich
 75177 | Vaults:2 | Killed a lich
 75177 | Vaults:2 | Received a gift from Okawaru
 75177 | Vaults:2 | Reached skill level 8 in Shields
 75178 | Vaults:2 | Got an ancient centaur barding {god gift}
 75189 | Vaults:2 | Identified the +0 centaur barding of Racloemi {rN+ Str+3
                  | Dex+7 SInv} (Okawaru gifted it to you on level 2 of the
                  | Vaults)
 77308 | Vaults:2 | Reached skill level 18 in Fighting
 77331 | Vaults:2 | Reached skill level 14 in Evocations
 77575 | Vaults:3 | Reached skill level 9 in Shields
 77729 | Vaults:3 | Found Kyorum's General Store.
 77744 | Vaults:3 | Bought a +5 ring of evasion for 1100 gold pieces
 77753 | Vaults:3 | Found a staircase to the Crypt.
 77906 | Vaults:3 | Reached XP level 21. HP: 192/194 MP: 31/31
 77994 | Vaults:3 | Received a gift from Okawaru
 78013 | Vaults:3 | You fall into a shaft and drop 1 floor!
 78129 | Vaults:4 | Received a gift from Okawaru
 78213 | Vaults:4 | Reached skill level 10 in Shields
 78297 | Vaults:4 | Noticed an entropy weaver
 78332 | Vaults:4 | Killed an entropy weaver
 78590 | Vaults:4 | Got a shimmering rapier
 78948 | Vaults:4 | Reached skill level 11 in Shields
 79226 | Vaults:4 | Identified the +11 rapier "Wyetz" {pain, Str+3} (You found
                  | it on level 4 of the Vaults)
 79591 | Vaults:4 | Found Hubrasin's Weapon Shop.
 80320 | Vaults:3 | Received a gift from Okawaru
 80324 | Vaults:3 | Reached skill level 12 in Shields
 80325 | Vaults:3 | Got a smoking centaur barding {god gift}
 80345 | Vaults:3 | Identified the +0 centaur barding of Okawaru's Hope {rF-
                  | rN+ SInv} (Okawaru gifted it to you on level 3 of the
                  | Vaults)
 80745 | Vaults:3 | Noticed a lich
 80757 | Vaults:3 | Killed a lich
 80833 | Vaults:3 | Found a stormy altar of Qazlal.
 81086 | Vaults:3 | Identified the cursed +0 chain mail "Xamuatz" {*Contam
                  | +Blink rCorr MP+9} (You found it on level 3 of the Vaults)
 81346 | Vaults:3 | Reached skill level 13 in Shields
 81708 | Vaults:3 | Reached XP level 22. HP: 181/202 MP: 25/32
 82185 | Vaults:3 | Received a gift from Okawaru
 82743 | Shoals:1 | Entered Level 1 of the Shoals
 83214 | Shoals:1 | Received a gift from Okawaru
 83332 | Shoals:1 | Reached skill level 14 in Shields
 84046 | Shoals:2 | Found Vetoegyu's Antique Armour Shoppe.
 84490 | Shoals:2 | Identified the +3 chain mail "Ufiuqipo" {*Drain +Fly rF+
                  | Int-3 Dex+6} (You found it on level 2 of the Shoals)
 85014 | Shoals:3 | Noticed Polyphemus
 85285 | Shoals:3 | Noticed Aizul
 85304 | Shoals:3 | Killed Aizul
 85434 | Shoals:3 | Found Atsexton's Assorted Antiques.
 85552 | Shoals:3 | Killed Polyphemus
 85985 | Shoals:4 | Entered Level 4 of the Shoals
 86216 | Shoals:4 | Found a shimmering altar of Xom.
 86415 | Shoals:4 | Reached skill level 15 in Shields
 87353 | Shoals:4 | HP: 47/202 [frost giant/bolt of cold (25)]
 88012 | Shoals:4 | Received a gift from Okawaru
 88140 | Shoals:4 | Got a barnacled rune of Zot
 88942 | Crypt:1  | Entered Level 1 of the Crypt
 89201 | Crypt:1  | Got an ichor-stained great mace
 89303 | Crypt:1  | Noticed a curse skull
 89308 | Crypt:1  | Killed a curse skull
 89694 | Crypt:1  | Noticed Bai Suzhen
 89724 | Crypt:1  | Killed Bai Suzhen
 89875 | Crypt:1  | Noticed Hah Honi's ghost (adept GrFi)
 89875 | Crypt:1  | Noticed Konwih's ghost (veteran FoFi)
 89876 | Crypt:1  | Found a runed translucent gate.
 89876 | Crypt:1  | Found a runed translucent gate.
 89876 | Crypt:1  | Found a runed translucent gate.
 90314 | Crypt:1  | Killed Konwih's ghost
 90314 | Crypt:1  | Reached XP level 23. HP: 93/211 MP: 23/33
 90412 | Crypt:1  | Killed Hah Honi's ghost
 90892 | Crypt:1  | Noticed a curse skull
 91281 | Crypt:1  | Found a runed door.
 91291 | Crypt:1  | Noticed a lich
 91294 | Crypt:1  | Noticed a deep elf sorcerer
 91301 | Crypt:1  | Killed a curse skull
 91305 | Crypt:1  | Noticed a deep elf sorcerer
 91346 | Crypt:1  | Killed a deep elf sorcerer
 91352 | Crypt:1  | Killed a lich
 91399 | Crypt:1  | Killed a deep elf sorcerer
 91399 | Crypt:1  | Reached skill level 9 in Dodging
 91483 | Crypt:1  | Noticed an ancient lich
 91498 | Crypt:1  | Killed an ancient lich
 91503 | Crypt:1  | Noticed an ancient lich
 91524 | Crypt:1  | Killed an ancient lich
 91524 | Crypt:1  | Received a gift from Okawaru
 91615 | Crypt:1  | Found the +15 Maxwell's patent armour {-Cast -Tele rElec
                  | MR+ rCorr}
 91706 | Crypt:1  | Noticed a lich
 91716 | Crypt:1  | Noticed an Ice Fiend
 91716 | Crypt:1  | Killed a lich
 91832 | Crypt:1  | Got a pitted centaur barding
 91843 | Crypt:1  | Identified the +2 centaur barding of Cyozog {rF+ MR++
                  | Str-5} (You acquired it on level 1 of the Crypt)
 92372 | Crypt:2  | Noticed a lich
 92385 | Crypt:2  | Killed a lich
 92592 | Crypt:2  | Reached skill level 15 in Evocations
 92761 | Crypt:3  | Entered Level 3 of the Crypt
 92838 | Crypt:3  | Noticed Khufu
 93250 | Crypt:3  | Noticed a greater mummy
 93268 | Crypt:2  | Killed Khufu
 93407 | Crypt:3  | Killed a greater mummy
 93407 | Crypt:3  | Reached skill level 13 in Armour
 93666 | Crypt:3  | Received a gift from Okawaru
 93666 | Crypt:3  | Reached skill level 19 in Fighting
 94051 | Crypt:3  | Noticed a curse skull
 94191 | Crypt:3  | Killed a curse skull
 94340 | Crypt:3  | Got an ichor-stained ring mail
 94342 | Crypt:3  | Identified the +1 ring mail "Put-Me-On" {rElec Str+3
                  | Stlth-} (You found it on level 3 of the Crypt)
 94345 | Crypt:3  | Identified the Incunabulum of Augmentations and the
                  | Snowflakes
 94513 | Crypt:3  | Reached skill level 10 in Dodging
 94938 | Crypt:3  | Identified the Handbook of Evil Curses
 94950 | Crypt:3  | Found a staircase to the Tomb.
 94950 | Crypt:3  | Noticed an ancient lich
 94963 | Crypt:3  | Killed an ancient lich
 95297 | Crypt:3  | Received a gift from Okawaru
 95557 | Crypt:3  | Found an ancient bone altar of Kikubaaqudgha.
 95559 | Crypt:3  | Noticed a lich
 95564 | Crypt:3  | Killed a lich
 95577 | Crypt:3  | Noticed a lich
 95583 | Crypt:3  | Killed a lich
 95637 | Crypt:3  | Found the +12 Vampire's Tooth {vamp}
 96054 | Crypt:3  | Identified the amulet of Goutisax {Regen+ Slay+3 SInv} (You
                  | found it on level 3 of the Crypt)
 96055 | Crypt:3  | Identified the ring "Ulagga" {rN+ MR+ Str-4 Int+4} (You
                  | found it on level 3 of the Crypt)
 96056 | Crypt:3  | Identified the ring "Jikig" {*Slow rF+ rC+ rN+ Int+2} (You
                  | found it on level 3 of the Crypt)
 96465 | Depths:1 | Entered Level 1 of the Depths
 96535 | Depths:1 | Reached XP level 24. HP: 221/221 MP: 34/34
 96755 | Depths:1 | Found Lac Rueh's Sacrilege Store.
 96756 | Depths:1 | Found a basalt altar of Yredelemnul.
 97016 | Depths:1 | Found a radiant altar of Vehumet.
 97532 | Depths:1 | Found a gateway to Hell.
 98095 | Depths:2 | Reached skill level 16 in Evocations
 98317 | Depths:2 | Reached skill level 11 in Dodging
 98493 | Depths:2 | Identified the cursed ring of the Many Ghosts {+Fly rF+
                  | Int-2} (You found it on level 2 of the Depths)
 98497 | Depths:2 | Identified the ring "Fuuvuitif" {AC+2 Str+2 Dex+5} (You
                  | found it on level 2 of the Depths)
 98690 | Depths:2 | Reached skill level 14 in Armour
 98858 | Depths:2 | Received a gift from Okawaru
 99554 | Depths:2 | Found a runed translucent door.
 99563 | Depths:2 | Noticed Thantalas's ghost (veteran GrEE)
 99803 | Depths:3 | Reached skill level 15 in Armour
 99833 | Depths:2 | Received a gift from Okawaru
100022 | Depths:3 | Found Bomaogy's Antique Weapon Emporium.
100182 | Depths:3 | Found a gateway to a ziggurat.
100600 | Depths:3 | You fall into a shaft and drop 2 floors!
100600 | Depths:5 | Entered Level 5 of the Depths
100610 | Depths:5 | Reached skill level 16 in Armour
100631 | Depths:5 | Found a corrupted altar of Lugonu.
100632 | Depths:5 | Found a one-way gate to the infinite horrors of the Abyss.
101764 | Depths:4 | Received a gift from Okawaru
102267 | Depths:4 | Noticed a lich
102299 | Depths:4 | Killed a lich
102337 | Depths:4 | Received a gift from Okawaru
102399 | Depths:4 | Noticed a deep elf sorcerer
102405 | Depths:4 | Identified the amulet "Gokhlocu" {Faith +Inv}
102415 | Depths:4 | Killed a deep elf sorcerer
102415 | Depths:4 | Reached XP level 25. HP: 216/228 MP: 33/35
102431 | Depths:4 | Received a gift from Okawaru
102456 | Depths:4 | Noticed a lich
102465 | Depths:4 | Killed a lich
102736 | Depths:4 | Noticed a lich
102742 | Depths:4 | Killed a lich
102742 | Depths:4 | Received a gift from Okawaru
102749 | Depths:4 | Identified the amulet of the Louse {Inacc rF- rC+ Dex+2}
                  | (You found it on level 4 of the Depths)
103430 | Depths:3 | Found a one-way gate leading to the halls of Pandemonium.
103869 | Depths:3 | Reached skill level 17 in Evocations
104199 | Depths:3 | Identified the +6 long sword of Eternity {pain, rC+ Str+3}
104347 | Depths:3 | Reached skill level 20 in Fighting
104989 | Depths:4 | Received a gift from Okawaru
105856 | Depths:5 | Identified the +6 rapier of Plunder {drain, Fragile rPois
                  | Int+8 SInv}
105901 | Depths:5 | Received a gift from Okawaru
106230 | Depths:5 | Found a gate to the Realm of Zot.
107105 | D:11     | Bought a sack of spiders for 220 gold pieces
107105 | D:11     | Bought a sack of spiders for 220 gold pieces
107105 | D:11     | Bought a phantom mirror for 330 gold pieces
107105 | D:11     | Bought a wand of paralysis (5) for 77 gold pieces
107310 | Shoals:3 | Bought a potion of agility for 168 gold pieces
107310 | Shoals:3 | Bought a potion of agility for 168 gold pieces
107653 | Vaults:5 | Entered Level 5 of the Vaults
107654 | Vaults:5 | Noticed a deep elf sorcerer
107658 | Vaults:5 | Noticed a lich
107718 | Vaults:5 | Received a gift from Okawaru
107731 | Vaults:5 | Reached skill level 18 in Evocations
107999 | Vaults:5 | Killed a deep elf sorcerer
107999 | Vaults:5 | Received a gift from Okawaru
108047 | Vaults:5 | Reached skill level 21 in Fighting
108052 | Vaults:5 | Identified the cursed +0 chain mail of Rukigen {rElec rPois
                  | rC+ Dex+2}
108610 | Vaults:5 | Reached XP level 26. HP: 246/246 MP: 36/36
108625 | Vaults:5 | Noticed a lich
108639 | Vaults:5 | Killed a lich
108747 | Vaults:5 | Reached skill level 22 in Fighting
109180 | Vaults:5 | Identified the Papyrus of Flying Envenoming
109349 | Vaults:5 | Noticed a deep elf sorcerer
109389 | Vaults:5 | Killed a deep elf sorcerer
109435 | Vaults:5 | Noticed a deep elf sorcerer
109444 | Vaults:5 | Killed a lich
109444 | Vaults:5 | Received a gift from Okawaru
109468 | Vaults:5 | Killed a deep elf sorcerer
109507 | Vaults:5 | Received a gift from Okawaru
109507 | Vaults:5 | Reached skill level 17 in Armour
109526 | Vaults:5 | Noticed an entropy weaver
109532 | Vaults:5 | Killed an entropy weaver
109698 | Vaults:5 | Noticed a deep elf demonologist
109720 | Vaults:5 | Killed a deep elf demonologist
109769 | Vaults:5 | Identified the +3 leather armour "Ydach" {rCorr Str+6}
110377 | Vaults:5 | Reached XP level 27. HP: 256/256 MP: 36/36
110397 | Vaults:5 | Noticed a deep elf sorcerer
110405 | Vaults:5 | Killed a deep elf sorcerer
110487 | Vaults:5 | Found the -2 hat of the Alchemist {rElec rPois rF+ rC+ rN+
                  | MR+ rMut rCorr}
110664 | Vaults:5 | Got a silver rune of Zot
110794 | Vaults:5 | Identified Sif Muna's Papyrus of the Voyage
111610 | Zot:1    | Entered Level 1 of the Realm of Zot
111714 | Zot:1    | Reached skill level 19 in Evocations
111814 | Zot:1    | You fall into a shaft and drop 1 floor!
112477 | Zot:1    | Reached skill level 23 in Fighting
112834 | Orc:2    | Bought a wand of enslavement (4) for 90 gold pieces
113390 | Zot:2    | Received a gift from Okawaru
113887 | Zot:1    | Received a gift from Okawaru
114406 | Zot:3    | Noticed a curse toe
115049 | Zot:3    | Reached skill level 18 in Armour
115140 | Zot:3    | Found a transporter.
115141 | Zot:3    | Identified the +6 battleaxe "Orb Guardian's Regret"
                  | {protect, Stlth+}
115144 | Zot:3    | Noticed Wegu's ghost (master VSFi)
115145 | Zot:3    | Found a bloodstained altar of Trog.
115146 | Zot:3    | Identified the +10 executioner's axe "Hempuske" {vamp, rC+}
115164 | Zot:5    | Entered Level 5 of the Realm of Zot
115993 | Zot:5    | Received a gift from Okawaru
115994 | Zot:5    | Got a warped centaur barding {god gift}
115995 | Zot:5    | Identified the +1 centaur barding of the Tired Suns {+Inv
                  | MR- Regen+ Dex-5} (Okawaru gifted it to you on level 5 of
                  | the Realm of Zot)
116438 | Zot:5    | Noticed an orb of fire
116452 | Zot:5    | Gained mutation: You are clumsy. (Dex -2) [an orb of fire]
116453 | Zot:5    | Killed an orb of fire
116455 | Zot:5    | Noticed an orb of fire
116474 | Zot:5    | Killed an orb of fire
116474 | Zot:5    | Reached skill level 20 in Evocations
116475 | Zot:5    | Noticed an orb of fire
116480 | Zot:5    | Gained mutation: Your magical capacity is low. (-10% MP)
                  | [an orb of fire]
116500 | Zot:5    | Killed an orb of fire
116655 | Zot:5    | Noticed an ancient lich
116680 | Zot:5    | Killed an ancient lich
116709 | Zot:5    | Reached skill level 24 in Fighting
116785 | Zot:5    | Noticed an ancient lich
116796 | Zot:5    | Killed an ancient lich
117471 | Zot:5    | Received a gift from Okawaru
117575 | Zot:5    | Noticed an orb of fire
117610 | Zot:5    | Gained mutation: You are frail. (-10% HP) [an orb of fire]
117612 | Zot:5    | Killed an orb of fire
117796 | Zot:5    | Noticed an ancient lich
117809 | Zot:5    | Killed an ancient lich
117809 | Zot:5    | Received a gift from Okawaru
117818 | Zot:5    | Identified the Grimoire of Enchantment and the Compass
118068 | Zot:5    | Noticed an ancient lich
118083 | Zot:5    | Killed an ancient lich
118083 | Zot:5    | Reached skill level 19 in Armour
118340 | Zot:5    | Received a gift from Okawaru
118484 | Zot:5    | Reached skill level 25 in Fighting
118638 | Zot:5    | Noticed an ancient lich
118646 | Zot:5    | Killed an ancient lich
118944 | Zot:5    | Noticed a curse toe
118961 | Zot:5    | Killed a curse toe
119561 | Zot:5    | Got the Orb of Zot
119718 | Depths:3 | Noticed Oqon the pandemonium lord
119829 | D:15     | Noticed a seraph
120064 | D:4      | Noticed an Ice Fiend
120069 | D:4      | Killed an Ice Fiend
120158 | D:1      | Learned a level 1 spell: Apportation
120159 | D:$      | Escaped with the Orb!

Table legend:
 A = Turns spent in this place as a percentage of turns spent in the entire game.
 B = Non-inter-level travel turns spent in this place as a percentage of non-inter-level travel turns spent in the entire game.
 C = Inter-level travel turns spent in this place as a percentage of turns spent in this place.
 D = Turns resting spent in this place as a percentage of non-inter-level travel turns spent in this place.
 E = Turns spent auto-exploring this place as a percentage of non-inter-level travel turns spent in this place.
 F = Non-inter-level travel turns spent in this place divided by the number of levels of this place that you've seen.
                   A       B       C       D       E      F
               +-------+-------+-------+-------+-------+----------------------
         Total | 100.0 | 100.0 |   7.0 |   5.8 |  69.7 | 2108.8
       Dungeon |  25.5 |  24.7 |   9.8 |   4.2 |  74.7 | 1842.3
        Temple |   0.1 |   0.1 |  13.7 |   0.0 |  92.1 | 139.0
          Lair |  16.2 |  15.8 |   9.7 |   5.9 |  72.9 | 2934.7
        Shoals |   5.1 |   5.2 |   3.9 |   0.5 |  75.5 | 1458.5
     Snake Pit |   9.4 |   9.7 |   4.1 |   0.4 |  81.5 | 2708.2
  Orcish Mines |   3.5 |   3.5 |   7.7 |  14.0 |  65.8 | 1949.5
   Elven Halls |   7.1 |   7.4 |   3.6 |   5.4 |  72.7 | 2753.7
        Vaults |  11.5 |  11.7 |   5.8 |   0.2 |  67.5 | 2608.6
         Crypt |   6.1 |   6.4 |   2.1 |   6.3 |  66.2 | 2400.3
        Depths |   9.2 |   9.2 |   6.7 |   0.0 |  76.4 | 2053.6
           Zot |   6.2 |   6.3 |   5.8 |  39.1 |  14.4 | 1409.0
               +-------+-------+-------+-------+-------+----------------------

Table legend:
 A = Kills in this place as a percentage of kills in entire the game.
 B = Kills by you in this place as a percentage of kills by you in the entire game.
 C = Kills by friends in this place as a percentage of kills by friends in the entire game.
 D = Other kills in this place as a percentage of other kills in the entire game.
 E = Experience gained in this place as a percentage of experience gained in the entire game.
 F = Experience gained in this place divided by the number of levels of this place that you have seen.
                   A       B       C       D       E      F
               +-------+-------+-------+-------+-------+----------------------
         Total | 100.0 | 100.0 | 100.0 | 100.0 | 100.0 | 33393.4
       Dungeon |  20.7 |  20.9 |   0.0 |  20.0 |   4.5 | 5269.2
          Lair |   7.0 |   7.0 |   8.0 |   0.0 |   3.2 | 9538.5
        Shoals |   6.2 |   6.2 |   0.0 |  20.0 |   5.4 | 23708.5
     Snake Pit |   9.1 |   9.3 |   0.0 |   0.0 |   8.5 | 37583.5
  Orcish Mines |   7.4 |   7.5 |   0.0 |   0.0 |   2.5 | 21696.0
   Elven Halls |   6.7 |   6.7 |   0.0 |  20.0 |   8.5 | 50249.0
        Vaults |  20.3 |  19.8 |  72.0 |  20.0 |  24.8 | 87805.8
         Crypt |   6.5 |   6.4 |  16.0 |   0.0 |   9.7 | 57172.0
        Depths |  10.6 |  10.7 |   0.0 |  20.0 |  14.9 | 52668.6
           Zot |   5.5 |   5.5 |   4.0 |   0.0 |  18.1 | 64077.0
               +-------+-------+-------+-------+-------+----------------------

Skill      XL: |  1  2  3  4  5  6  7  8  9 10 11 12 13 14 15 16 17 18 19 20 21 22 23 24 25 26 27 |
---------------+----------------------------------------------------------------------------------+-----
Maces & Flails | 1 |  1.4
Throwing       | 2 |  2.0
Slings         | 1 2 4 5 6 8 10 11 12 13 | 13.9
Fighting       | 4 5 6 7 8 10 11 12 13 15 16 17 18 19 21 22 25 | 25.5
Shields        | 1 2 4 5 7 9 13 15 | 15.0
Armour         | 1 3 4 5 7 8 10 12 13 16 17 19 | 19.0
Dodging        | 2 3 4 7 8 10 11 | 11.0
Invocations    | 3 5 9 |  9.0
Bows           | 7 11 14 17 20 | 20.0
Evocations     | 3 5 6 9 10 11 12 14 15 16 18 20 | 20.0
Stealth        | |  1.0
Spellcasting   | |  1.5
Charms         | |  1.0

Action                   |  1- 3 |  4- 6 |  7- 9 | 10-12 | 13-15 | 16-18 | 19-21 | 22-24 | 25-27 || total
-------------------------+-------+-------+-------+-------+-------+-------+-------+-------+-------++-------
Melee: Club              |    58 |       |       |       |       |       |       |       |       ||    58
       Kick              |     9 |     7 |    34 |   211 |     5 |       |     3 |       |     3 ||   272
       Dagger            |       |    25 |   120 |   750 |    17 |       |       |       |       ||   912
       Punch             |       |       |       |     5 |       |       |       |       |       ||     5
       Fustibalus        |       |       |       |       |       |       |     3 |       |     3 ||     6
 Fire: Hunting sling     |   123 |   328 |   745 |   412 |   126 |       |       |       |       ||  1734
       Shortbow          |       |       |       |   597 |       |       |       |       |       ||   597
       Longbow           |       |       |       |    29 |  1177 |  2036 |       |       |       ||  3242
       Fustibalus        |       |       |       |       |       |   141 |  2860 |  3842 |  3065 ||  9908
Throw: Stone             |     3 |       |       |       |       |       |       |       |       ||     3
       Javelin           |       |       |       |    33 |    25 |       |       |       |       ||    58
       Boomerang         |       |       |       |    10 |     8 |       |       |       |       ||    18
Invok: Heroism           |       |       |       |    20 |     6 |       |       |       |       ||    26
       Finesse           |       |       |       |     2 |     7 |     4 |    13 |    11 |    16 ||    53
 Abil: Stop Flying       |       |       |       |     1 |       |       |       |       |       ||     1
       Evoke Flight      |       |       |       |       |       |       |       |     1 |       ||     1
Evoke: Wand              |       |       |       |     6 |     6 |     3 |    10 |     1 |    12 ||    38
       Box of beasts     |       |       |       |       |       |       |       |     1 |     4 ||     5
       Lamp of fire      |       |       |       |       |       |       |       |     1 |     2 ||     3
  Use: Scroll            |       |     7 |    11 |    13 |    12 |    10 |    13 |    18 |    17 ||   101
       Potion            |       |     3 |       |     8 |     3 |     1 |       |       |    18 ||    33
  Eat: Chunk             |     3 |    12 |    36 |    52 |    18 |    24 |    25 |    25 |     9 ||   204
       Ration            |       |       |       |     2 |     4 |     9 |     2 |     8 |    12 ||    37
Armor: Leather armour    |    53 |    91 |   142 |   448 |    18 |       |       |       |       ||   752
       Skin              |       |       |       |    45 |       |       |       |       |       ||    45
       Crystal plate arm |       |       |       |       |   518 |   744 |   801 |   713 |   551 ||  3327
Dodge: Dodged            |    67 |    75 |   100 |   425 |    48 |    49 |   104 |   221 |   361 ||  1450
Block: Shield            |       |    12 |   160 |   267 |       |       |       |       |       ||   439
       Large shield      |       |       |       |       |       |    62 |   963 |  1392 |  1040 ||  3457

Vanquished Creatures
  8 ancient liches
  Khufu (Crypt:2)
  4 orbs of fire (Zot:5)
  A greater mummy (Crypt:3)
  The ghost of Konwih the Slayer, a veteran FoFi of Vehumet (Crypt:1)
  4 Killer Klowns
  A curse toe (Zot:5)
  Saint Roka (Orc:2)
  Bai Suzhen (Crypt:1)
  5 golden dragons
  4 electric golems
  Rupert (Lair:5)
  Jorgrun (D:12)
  12 tentacled monstrosities
  A Hell Sentinel (D:4)
  An Ice Fiend (D:4)
  12 liches
  7 titans
  3 deep elf blademasters
  3 deep elf master archers (Elf:3)
  The ghost of Hah Honi the Tortoise, an adept GrFi of Makhleb (Crypt:1)
  24 Orb Guardians
  3 quicksilver dragons
  Polyphemus (Shoals:3)
  Gastronok (Lair:1)
  2 sphinxes (Vaults:5)
  Frances (Snake:1)
  7 death cobs
  Kirke (D:13)
  Donald (Elf:2)
  Agnes (Elf:1)
  11 tengu reavers
  2 draconian monks
  15 nagarajas
  6 shadow dragons
  10 storm dragons
  10 frost giants
  3 draconian knights
  4 orc warlords
  Aizul (Shoals:3)
  11 deep elf sorcerers
  4 iron dragons
  9 fire giants
  3 draconian shifters
  A ghost moth (Zot:5)
  3 curse skulls
  5 draconian scorchers
  27 vault wardens
  6 ghouls
  3 draconian stormcallers
  A spriggan defender (Depths:2)
  9 deep elf elementalists
  20 very ugly things
  A caustic shrike skeleton (Crypt:1)
  3 war gargoyles (Crypt:3)
  6 draconian annihilators
  2 reapers (Crypt:2)
  17 ironheart preservers
  27 stone giants
  9 green draconians
  A black draconian (Zot:1)
  2 entropy weavers
  9 deep elf demonologists
  7 vampire knights
  15 deep elf annihilators
  5 white draconians
  9 purple draconians
  4 yellow draconians
  A spark wasp (shapeshifter) (Vaults:5)
  4 red draconians
  9 spark wasps
  2 eidola
  9 ettins
  4 merfolk javelineers (Shoals:4)
  7 deep elf death magi
  9 merfolk impalers
  A mummy priest (Crypt:3)
  Snorg (D:10)
  Josephine (D:12)
  3 deep elf high priests
  10 jiangshi
  9 fire dragons
  13 ice dragons
  39 vault guards
  17 yaktaur captains
  A spriggan air mage (Depths:4)
  A quicksilver dragon skeleton (Crypt:3)
  Fannar (D:11)
  4 great orbs of eyes
  4 merfolk avatars
  19 naga warriors
  The ghost of Ilyunwota the Thaumaturge, a journeyman GnSk of Cheibriados (Lair:2)
  6 rakshasas
  2 catoblepae
  3 alligator snapping turtles (Shoals:4)
  8 hydras
  2 merfolk aquamancers (Shoals:1)
  3 death knights
  An alligator snapping turtle (shapeshifter) (Depths:2)
  15 centaur warriors
  10 anacondas
  6 deep troll shamans
  7 death yaks
  4 satyrs
  5 tengu warriors
  16 ogre magi
  44 two-headed ogres
  34 dancing weapons
  9 orc high priests
  A spriggan berserker (Depths:4)
  8 vampire magi
  2 titan zombies (Crypt:3)
  9 shock serpents
  10 deep troll earth magi
  Urug (D:11)
  14 hell knights
  A small abomination (Elf:2)
  Sonja (D:11)
  5 soul eaters
  20 naga sharpshooters
  19 deep elf knights
  A titan skeleton (Crypt:1)
  4 shadow wraiths
  A fire crab (Lair:6)
  8 skeletal warriors
  12 sea snakes
  3 unseen horrors
  3 unseen horrors (shapeshifter)
  2 glowing orange brains
  10 salamander mystics
  23 deep trolls
  16 naga ritualists
  2 iron trolls
  11 flayed ghosts
  14 deep elf archers
  4 wizards
  18 ironbrand convokers
  A golden dragon skeleton (Crypt:3)
  A shadow dragon zombie (Crypt:3)
  18 phantasmal warriors
  A harpy (shapeshifter) (Vaults:3)
  7 necromancers
  77 deep elf magi
  20 mana vipers
  8 porcupines
  15 harpies
  14 orc knights
  4 oklob plants
  3 wolf spiders
  10 cyclopes
  13 manticores
  6 fauns
  12 orc sorcerers
  2 shining eyes (shapeshifter) (Vaults:5)
  18 moths of wrath
  44 ugly things
  2 moths of wrath (shapeshifter)
  18 salamanders
  2 elephants (shapeshifter)
  A dire elephant zombie (Crypt:3)
  15 merfolk sirens
  3 molten gargoyles (Lair:6)
  20 naga magi
  A guardian serpent (shapeshifter) (Vaults:3)
  5 smoke demons (Crypt:3)
  53 black mambas
  21 vault sentinels
  6 gargoyles
  5 guardian serpents
  An ice statue (Shoals:1)
  4 water nymphs
  2 rust devils
  11 spiny frogs
  A water nymph (shapeshifter) (Depths:2)
  A spiny frog (shapeshifter) (D:14)
  A hellion (Depths:1)
  10 freezing wraiths
  A yaktaur (shapeshifter) (Vaults:3)
  3 kobold demonologists
  10 komodo dragons
  2 rime drakes (Orc:1)
  5 red devils (Crypt:3)
  A queen bee (Lair:2)
  63 yaktaurs
  32 merfolk
  A minotaur skeleton (Crypt:2)
  A sea snake skeleton (Crypt:2)
  A merfolk (shapeshifter) (Vaults:2)
  A hellwing (Depths:1)
  3 komodo dragons (shapeshifter)
  8 tengu conjurers
  A silent spectre (Crypt:1)
  A troll (shapeshifter) (Vaults:5)
  6 meliai
  5 hornets
  7 trolls
  2 wind drakes
  21 dream sheep
  7 snapping turtles
  14 blink frogs
  8 hippogriffs
  28 slime creatures
  2 air elementals
  4 flying skulls (D:12)
  2 satyr skeletons
  26 yaks
  An ice dragon skeleton (Crypt:3)
  A redback (shapeshifter) (Vaults:4)
  3 redbacks
  A spriggan (Depths:4)
  14 water elementals
  9 shadows
  7 vampires
  An orc simulacrum (Vaults:3)
  16 humans (D:14)
  8 wraiths
  A fire bat (shapeshifter) (Orc:2)
  19 fire elementals
  4 wyverns
  3 hogs (D:12)
  4 basilisks
  3 vampire mosquitoes (D:11)
  2 steam dragons
  8 hungry ghosts
  2 hogs (shapeshifter)
  9 wargs
  48 nagas
  An acid dragon (D:15)
  4 hell hounds (Lair:6)
  A soldier ant (D:14)
  8 water moccasins
  Edmund (D:5)
  A swamp worm (shapeshifter) (Elf:2)
  A water moccasin (shapeshifter) (Depths:1)
  A two-headed ogre skeleton (Crypt:1)
  62 orc warriors
  6 sky beasts
  6 black bears
  A snapping turtle zombie (Crypt:3)
  A swamp dragon zombie (Crypt:3)
  3 ice beasts
  6 phantoms
  An eye of draining (D:14)
  6 necrophages
  A manticore zombie (Crypt:1)
  40 ogres
  19 centaurs
  14 wolves
  An elephant skeleton (Crypt:2)
  A lindwurm skeleton (Crypt:2)
  2 snapping turtle skeletons
  6 crocodiles
  2 big kobolds (shapeshifter)
  16 bullfrogs
  A draconian zombie (Crypt:1)
  Blork the orc (D:6)
  5 earth elementals
  A komodo dragon skeleton (Crypt:2)
  A wyvern zombie (D:12)
  2 wyvern skeletons
  2 scorpions
  2 troll zombies (D:9)
  3 jellies
  13 wights
  28 killer bees
  3 howler monkeys
  2 electric eels (Elf:3)
  3 bullfrog zombies (D:12)
  6 centaur zombies
  10 crimson imps
  4 lava snakes (Lair:6)
  2 quasits
  7 hounds
  40 orc priests
  5 bullfrog skeletons
  A gnoll shaman (D:6)
  13 centaur skeletons
  An iron imp (Depths:5)
  Jessica (D:2)
  6 iguanas
  41 orc wizards
  8 worker ants
  6 ogre zombies (D:9)
  2 hound skeletons
  2 mummies (Crypt:3)
  4 worker ant zombies
  20 adders
  4 gnolls (D:6)
  3 shadow imps
  2 oozes
  3 adder zombies
  2 adder skeletons
  6 worms
  4 dart slugs
  2 leopard geckos (D:7)
  142 orcs
  2 ball pythons
  6 giant cockroaches
  8 goblins
  6 hobgoblins
  14 jackals
  4 kobolds
  4 quokkas
  6 bats
  4 frilled lizards
  A goblin skeleton (D:9)
  3 goblin zombies (D:9)
  2 hobgoblin skeletons (D:9)
  5 hobgoblin zombies (D:9)
  2 orc skeletons (D:9)
  12 orc zombies (D:9)
  A quokka zombie (D:9)
  4 rats
  A rat skeleton (Crypt:1)
2562 creatures vanquished.

Vanquished Creatures (collateral kills)
  An Orb Guardian (Zot:5)
  A titan (Vaults:5)
  2 shadow dragons (Vaults:5)
  A deep elf sorcerer (Crypt:1)
  A frost giant (Vaults:5)
  A vault warden (Vaults:5)
  2 ironheart preservers (Vaults:5)
  3 vault guards (Vaults:5)
  A spriggan air mage (Crypt:1)
  4 two-headed ogres (Vaults:5)
  2 ogre magi (Vaults:5)
  A deep elf mage (Crypt:1)
  A spiny frog (Lair:1)
  A basilisk (Lair:1)
  A human (Crypt:1)
  2 ogres (Vaults:5)
25 creatures vanquished.

Vanquished Creatures (others)
  A vampire mage (Depths:4)
  A deep elf knight (Elf:2)
  An ironbrand convoker (Vaults:5)
  A manticore (Shoals:1)
  2 ogres
  An orc wizard (D:4)
  An orc (Orc:2)
  8 fungi
  21 plants
37 creatures vanquished.

Grand Total: 2624 creatures vanquished
